MLB
ST. LOUIS CARDINALS @ CINCINNATI REDS
09/14/2044
 
TOP OF THE 1ST
St. Louis Cardinals batting - Pitching for Cincinnati Reds : RHP Marshall Barron
Pitching: RHP Marshall Barron
Batting: RHB Nick Gentzel 0-0: Called Strike
0-1: Foul Ball, location: 2F
0-2: Ball
1-2: Ball
2-2: Fly out, F8 (Flyball, 89D, EV 87.5 MPH)
Batting: RHB Rick O'Reilly 0-0: Fly out, F7 (Flyball, 7S, EV 90.6 MPH)
Batting: SHB Antoine Roux 0-0: Ball
1-0: Foul Ball, location: 2F
1-1: Swinging Strike
1-2: Ball
2-2: Ball
3-2: Base on Balls
Batting: RHB Eric Chotkowski 0-0: Ball
1-0: Called Strike
1-1: Ball
2-1: DOUBLE (Flyball, 8LXD, EV 114.4 MPH)
Antoine Roux to third
Runner from 3rd tries for Home, SAFE, throw by CF to home
Batting: LHB Ben Rubenacker 0-0: Called Strike
0-1: SINGLE (Groundball, 5L, EV 80.6 MPH) (infield hit)
Eric Chotkowski to third
Batting: RHB Cole Bittner 0-0: Foul Ball, location: 2F
0-1: Ball
1-1: Ball
2-1: Fielders Choice at 2nd, U6 (Groundball, 6M, EV 83.1 MPH)
Top of the 1st over - 1 run, 2 hits, 0 errors, 2 left on base; St. Louis 1 - Cincinnati 0
BOTTOM OF THE 1ST
Cincinnati Reds batting - Pitching for St. Louis Cardinals : LHP Antonio Lacayo
Pitching: LHP Antonio Lacayo
Batting: LHB Jon Ledesma 0-0: Foul Ball, location: 2F
0-1: Ball
1-1: Ball
2-1: Ball
3-1: Base on Balls
Batting: LHB Sean Geisler 0-0: Ball
1-0: Fly out, F8 (Flyball, 8RS, EV 88.1 MPH)
Batting: RHB Willie Cardamone 0-0: Called Strike
0-1: Fly out, F9 (Flyball, 9, EV 86.9 MPH)
Batting: SHB Saulo Maina 0-0: Ball
Jon Ledesma steals 2nd base
1-0: Foul Ball, location: 2F
1-1: Ball
2-1: Foul Ball, location: 2F
2-2: Strikes out looking
Bottom of the 1st over - 0 runs, 0 hits, 0 errors, 1 left on base; St. Louis 1 - Cincinnati 0
TOP OF THE 2ND
St. Louis Cardinals batting - Pitching for Cincinnati Reds : RHP Marshall Barron
Batting: RHB Pavpv Ivanushkin 0-0: Ball
1-0: Fly out, F3 (Popup, 3S, EV 78.1 MPH)
Batting: RHB Branden Cavalcante 0-0: Swinging Strike
0-1: Foul Ball, location: 2F
0-2: Strikes out swinging
Batting: RHB Dustin Clark 0-0: Ball
1-0: Called Strike
1-1: Ball
2-1: Ball
3-1: Called Strike
3-2: Foul Ball, location: 2F
3-2: Base on Balls
Batting: RHB Nick Gentzel 0-0: Ball
1-0: Ball
2-0: Called Strike
2-1: Ball
3-1: Base on Balls
Dustin Clark to second
Batting: RHB Rick O'Reilly 0-0: Ball
1-0: Foul Ball, location: 2F
1-1: Ball
2-1: Foul Ball, location: 2F
2-2: Ball
3-2: Ground out 4-3 (Groundball, 4, EV 76.2 MPH)
Top of the 2nd over - 0 runs, 0 hits, 0 errors, 2 left on base; St. Louis 1 - Cincinnati 0
BOTTOM OF THE 2ND
Cincinnati Reds batting - Pitching for St. Louis Cardinals : LHP Antonio Lacayo
Batting: RHB Reilly Hawkins 0-0: Ball
1-0: Ball
2-0: Foul Ball, location: 2F
2-1: Fly out, F8 (Flyball, 89M, EV 95.0 MPH)
Batting: RHB Fred Slade 0-0: Ball
1-0: Called Strike
1-1: SINGLE (Line Drive, 89M, EV 96.9 MPH)
Batting: SHB Dave Barefoot 0-0: Swinging Strike
0-1: Ball
1-1: Ball
2-1: Foul Ball, location: 2F
2-2: Strikes out swinging
Batting: LHB Shawn Morrison 0-0: Ball
1-0: Foul Ball, location: 2F
1-1: Swinging Strike
1-2: Ground out U3 (Groundball, 34S, EV 71.2 MPH)
Bottom of the 2nd over - 0 runs, 1 hit, 0 errors, 1 left on base; St. Louis 1 - Cincinnati 0
TOP OF THE 3RD
St. Louis Cardinals batting - Pitching for Cincinnati Reds : RHP Marshall Barron
Batting: SHB Antoine Roux 0-0: Called Strike
0-1: Ball
1-1: Swinging Strike
1-2: Ball
2-2: Fly out, F7 (Flyball, 7LD, EV 103.1 MPH)
Batting: RHB Eric Chotkowski 0-0: SINGLE (Flyball, 5D, EV 95.0 MPH)
Batting: LHB Ben Rubenacker 0-0: Ball
1-0: Called Strike
1-1: Called Strike
1-2: Ball
2-2: Ball
3-2: Base on Balls
Eric Chotkowski to second
Batting: RHB Cole Bittner 0-0: Ball
1-0: Ball
2-0: Called Strike
2-1: Called Strike
2-2: Ball
3-2: Strikes out swinging
Batting: RHB Pavpv Ivanushkin 0-0: SINGLE (Line Drive, 4M, EV 95.6 MPH)
Eric Chotkowski to third
Ben Rubenacker to second
Runner from 3rd tries for Home, SAFE, throw by CF to home
Batting: RHB Branden Cavalcante 0-0: Hit by Pitch
Ben Rubenacker to third
Pavpv Ivanushkin to second
Batting: RHB Dustin Clark 0-0: Swinging Strike
0-1: SINGLE (Groundball, 56D, EV 98.1 MPH)
Ben Rubenacker scores
Pavpv Ivanushkin to third
Branden Cavalcante to second
Runner from 3rd tries for Home, SAFE, throw by LF to home
Batting: RHB Nick Gentzel 0-0: Called Strike
0-1: Called Strike
0-2: Ball
1-2: Strikes out swinging
Top of the 3rd over - 3 runs, 3 hits, 0 errors, 2 left on base; St. Louis 4 - Cincinnati 0
BOTTOM OF THE 3RD
Cincinnati Reds batting - Pitching for St. Louis Cardinals : LHP Antonio Lacayo
Batting: LHB Andy Arbuckle 0-0: Ball
1-0: Ground out 4-3 (Groundball, 4, EV 106.9 MPH)
Batting: LHB Jon Ledesma 0-0: Ball
1-0: Ball
2-0: Foul Ball, location: 2F
2-1: Called Strike
2-2: Fly out, F7 (Flyball, 7S, EV 95.0 MPH)
Batting: LHB Sean Geisler 0-0: Ball
1-0: Foul Ball, location: 2F
1-1: Swinging Strike
1-2: Ball
2-2: Ball
3-2: Base on Balls
Batting: RHB Willie Cardamone 0-0: Swinging Strike
0-1: Ball
1-1: Ball
2-1: Ball
3-1: Foul Ball, location: 2F
3-2: Foul Ball, location: 2F
3-2: SINGLE (Line Drive, 6MD, EV 95.0 MPH)
Sean Geisler to second
Sean Geisler to third
Batting: SHB Saulo Maina 0-0: Foul Ball, location: 2F
0-1: Foul Ball, location: 2F
0-2: Ball
1-2: Strikes out looking
Bottom of the 3rd over - 0 runs, 1 hit, 0 errors, 2 left on base; St. Louis 4 - Cincinnati 0
TOP OF THE 4TH
St. Louis Cardinals batting - Pitching for Cincinnati Reds : RHP Marshall Barron
Batting: RHB Rick O'Reilly 0-0: Ball
1-0: Swinging Strike
1-1: Ball
2-1: Called Strike
2-2: SINGLE (Flyball, 5D, EV 91.2 MPH)
Batting: SHB Antoine Roux 0-0: Ball
1-0: Called Strike
1-1: Fielders Choice at 2nd, 6-4 (Groundball, 6, EV 84.4 MPH)
Batting: RHB Eric Chotkowski 0-0: Swinging Strike
0-1: Foul Ball, location: 2F
0-2: Ball
1-2: DOUBLE (Line Drive, 7LM, EV 106.9 MPH)
Antoine Roux to third
Runner from 3rd tries for Home, SAFE, throw by LF to trailing runner, SAFE at third!
Pitching: LHP Justin Sullins
Batting: LHB Ben Rubenacker 0-0: Ball
1-0: Called Strike
1-1: Ball
2-1: Ground out 4-3 (Groundball, 4, EV 105.0 MPH)
Eric Chotkowski scores
Batting: RHB Cole Bittner 0-0: Foul Ball, location: 2F
0-1: Foul Ball, location: 2F
0-2: Ball
1-2: Ball
2-2: Foul Ball, location: 2F
2-2: Fly out, F8 (Flyball, 89D, EV 97.5 MPH)
Top of the 4th over - 2 runs, 2 hits, 0 errors, 0 left on base; St. Louis 6 - Cincinnati 0
BOTTOM OF THE 4TH
Cincinnati Reds batting - Pitching for St. Louis Cardinals : LHP Antonio Lacayo
Batting: RHB Reilly Hawkins 0-0: Fly out, F7 (Flyball, 78D, EV 102.5 MPH)
Batting: RHB Fred Slade 0-0: Ball
1-0: Ground out U3 (Groundball, 34S, EV 81.9 MPH)
Batting: SHB Dave Barefoot 0-0: Ball
1-0: Ball
2-0: Ball
3-0: Base on Balls
Batting: LHB Shawn Morrison 0-0: Called Strike
Dave Barefoot steals 2nd base (no throw)
0-1: Fly out, F9 (Line Drive, 9S, EV 103.1 MPH)
Bottom of the 4th over - 0 runs, 0 hits, 0 errors, 1 left on base; St. Louis 6 - Cincinnati 0
TOP OF THE 5TH
St. Louis Cardinals batting - Pitching for Cincinnati Reds : LHP Justin Sullins
Batting: RHB Pavpv Ivanushkin 0-0: Called Strike
0-1: Swinging Strike
0-2: Ball
1-2: Foul Ball, location: 2F
1-2: SOLO HOME RUN (Flyball, 7D, EV 96.9 MPH), Distance : 386 ft
Batting: RHB Branden Cavalcante 0-0: Called Strike
0-1: Ball
1-1: Ball
2-1: Foul Ball, location: 2F
2-2: Foul Ball, location: 2F
2-2: SINGLE (Flyball, 89S, EV 95.6 MPH)
Batting: RHB Dustin Clark 0-0: Ball
1-0: Called Strike
1-1: DOUBLE (Flyball, 78D, EV 97.5 MPH)
Branden Cavalcante to third
Batting: RHB Nick Gentzel 0-0: Ball
1-0: Swinging Strike
1-1: Swinging Strike
1-2: Foul Ball, location: 2F
1-2: Ball
2-2: Reached on error, E3 (Groundball, 13, EV 84.4 MPH)
Branden Cavalcante scores
Dustin Clark to third
Batting: RHB Rick O'Reilly 0-0: Swinging Strike
0-1: Ball
1-1: Grounds into double play, 5-4-3 (Groundball, 56, EV 78.8 MPH)
Dustin Clark scores
Batting: SHB Antoine Roux 0-0: Foul Ball, location: 2F
0-1: Ball
1-1: Called Strike
1-2: Strikes out looking
Top of the 5th over - 3 runs, 3 hits, 1 error, 0 left on base; St. Louis 9 - Cincinnati 0
BOTTOM OF THE 5TH
Cincinnati Reds batting - Pitching for St. Louis Cardinals : LHP Antonio Lacayo
Batting: LHB Andy Arbuckle 0-0: Ball
1-0: Ball
2-0: Ball
3-0: Base on Balls
Batting: LHB Jon Ledesma 0-0: Ball
1-0: Ball
2-0: Called Strike
2-1: Foul Ball, location: 2F
2-2: Ball
3-2: Foul Ball, location: 2F
3-2: SINGLE (Groundball, 4M, EV 104.4 MPH) (infield hit)
Andy Arbuckle to second
Batting: LHB Sean Geisler 0-0: Ball
1-0: Swinging Strike
1-1: Foul Ball, location: 2F
1-2: Strikes out swinging
Batting: RHB Willie Cardamone 0-0: Ball
1-0: Ball
2-0: Called Strike
2-1: Foul Ball, location: 2F
2-2: Foul Ball, location: 2F
2-2: Fly out, F9 (Line Drive, 9D, EV 88.1 MPH)
Batting: SHB Saulo Maina 0-0: Ball
1-0: Fly out, F7 (Flyball, 78D, EV 98.8 MPH)
Bottom of the 5th over - 0 runs, 1 hit, 0 errors, 2 left on base; St. Louis 9 - Cincinnati 0
TOP OF THE 6TH
St. Louis Cardinals batting - Pitching for Cincinnati Reds : LHP Justin Sullins
Batting: RHB Eric Chotkowski 0-0: Ball
1-0: Called Strike
1-1: Called Strike
1-2: Foul Ball, location: 2F
1-2: Ball
2-2: Strikes out swinging
Batting: LHB Ben Rubenacker 0-0: Fly out, F7 (Flyball, 7LS, EV 88.8 MPH)
Batting: RHB Cole Bittner 0-0: Called Strike
0-1: Swinging Strike
0-2: Foul Ball, location: 2F
0-2: Strikes out swinging
Top of the 6th over - 0 runs, 0 hits, 0 errors, 0 left on base; St. Louis 9 - Cincinnati 0
BOTTOM OF THE 6TH
Cincinnati Reds batting - Pitching for St. Louis Cardinals : LHP Antonio Lacayo
Batting: RHB Reilly Hawkins 0-0: Ball
1-0: Ball
2-0: Ball
3-0: Foul Ball, location: 2F
3-1: Called Strike
3-2: Foul Ball, location: 2F
3-2: Fly out, F3 (Flyball, 3D, EV 83.8 MPH)
Pitching: RHP Andy Montelongo
Batting: RHB Fred Slade 0-0: Ball
1-0: Ball
2-0: Called Strike
2-1: Called Strike
2-2: Ball
3-2: SINGLE (Groundball, 4D, EV 98.8 MPH)
Batting: SHB Dave Barefoot 0-0: Ball
1-0: Ball
2-0: Grounds into double play, 5-4-3 (Groundball, 5, EV 78.1 MPH)
Bottom of the 6th over - 0 runs, 1 hit, 0 errors, 0 left on base; St. Louis 9 - Cincinnati 0
TOP OF THE 7TH
St. Louis Cardinals batting - Pitching for Cincinnati Reds : LHP Justin Sullins
Batting: RHB Pavpv Ivanushkin 0-0: Ball
1-0: Ball
2-0: Ball
3-0: Called Strike
3-1: Base on Balls
Batting: RHB Branden Cavalcante 0-0: Ball
1-0: Ball
2-0: Ball
3-0: Called Strike
3-1: Called Strike
3-2: Foul Ball, location: 2F
3-2: Fly out, F8 (Flyball, 89D, EV 78.8 MPH)
Pitching: LHP David James
Batting: RHB Dustin Clark 0-0: Called Strike
0-1: Called Strike
0-2: Strikes out swinging
Batting: RHB Nick Gentzel 0-0: Ball
1-0: Called Strike
1-1: Foul Ball, location: 2F
1-2: Foul Ball, location: 2F
1-2: Foul Ball, location: 2F
1-2: Ball
2-2: DOUBLE (Line Drive, 9LM, EV 105.0 MPH)
Pavpv Ivanushkin to third
Runner from 3rd tries for Home, SAFE, throw by RF to trailing runner, SAFE at third!
Pinch Hitting: RHB Nick Getz 0-0: Ball
1-0: Foul Ball, location: 2F
1-1: Called Strike
1-2: Ball
2-2: Ball
3-2: Strikes out swinging
Top of the 7th over - 1 run, 1 hit, 0 errors, 1 left on base; St. Louis 10 - Cincinnati 0
BOTTOM OF THE 7TH
Cincinnati Reds batting - Pitching for St. Louis Cardinals : RHP Andy Montelongo
Now in RF: Nick Getz
Batting: LHB Shawn Morrison 0-0: Called Strike
0-1: Foul Ball, location: 2F
0-2: Ball
1-2: Ball
2-2: Foul Ball, location: 2F
2-2: Ball
3-2: Base on Balls
Batting: LHB Andy Arbuckle 0-0: Foul Ball, location: 2F
0-1: Foul Ball, location: 2F
0-2: Hit by Pitch
Shawn Morrison to second
Batting: LHB Jon Ledesma 0-0: Called Strike
0-1: Called Strike
0-2: Ball
1-2: Strikes out looking
Batting: LHB Sean Geisler 0-0: Ball
1-0: Ball
2-0: Ball
3-0: Called Strike
3-1: Base on Balls
Shawn Morrison to third
Andy Arbuckle to second
Batting: RHB Willie Cardamone 0-0: Swinging Strike
0-1: Foul Ball, location: 2F
0-2: Grounds into double play, 4-6-3 (Groundball, 4, EV 85.0 MPH)
Bottom of the 7th over - 0 runs, 0 hits, 0 errors, 2 left on base; St. Louis 10 - Cincinnati 0
TOP OF THE 8TH
St. Louis Cardinals batting - Pitching for Cincinnati Reds : LHP David James
Batting: SHB Antoine Roux 0-0: Ball
1-0: Ball
2-0: Called Strike
2-1: Ground out 2-3 (Groundball, 15S, EV 68.1 MPH)
Batting: RHB Eric Chotkowski 0-0: Ball
1-0: Ball
2-0: Called Strike
2-1: Ball
3-1: Fly out, F8 (Flyball, 89D, EV 101.9 MPH)
Batting: LHB Ben Rubenacker 0-0: SINGLE (Flyball, 7, EV 92.5 MPH)
Batting: RHB Cole Bittner 0-0: Called Strike
0-1: Ball
1-1: Foul Ball, location: 2F
1-2: Foul Ball, location: 2F
1-2: Ball
2-2: Strikes out swinging
Top of the 8th over - 0 runs, 1 hit, 0 errors, 1 left on base; St. Louis 10 - Cincinnati 0
BOTTOM OF THE 8TH
Cincinnati Reds batting - Pitching for St. Louis Cardinals : RHP Andy Montelongo
Pinch Hitting: RHB Willie Lazcano 0-0: Called Strike
0-1: Fly out, F7 (Flyball, 7, EV 91.2 MPH)
Batting: LHB Jesus Lozano 0-0: Ball
1-0: Called Strike
1-1: SINGLE (Groundball, 3D, EV 105.6 MPH)
Pitching: RHP Brian Sanderson
Batting: RHB Fred Slade 0-0: Fly out, F5 (Line Drive, 5, EV 68.1 MPH)
Batting: SHB Dave Barefoot 0-0: Called Strike
0-1: Ball
1-1: Fly out, F8 (Line Drive, 8LM, EV 92.5 MPH)
Bottom of the 8th over - 0 runs, 1 hit, 0 errors, 1 left on base; St. Louis 10 - Cincinnati 0
TOP OF THE 9TH
St. Louis Cardinals batting - Pitching for Cincinnati Reds : LHP David James
Now at 3B: Willie Lazcano
Batting: RHB Pavpv Ivanushkin 0-0: Ball
1-0: Foul Ball, location: 2F
1-1: Foul Ball, location: 2F
1-2: Strikes out swinging
Batting: RHB Branden Cavalcante 0-0: Swinging Strike
0-1: Called Strike
0-2: Strikes out looking
Batting: RHB Dustin Clark 0-0: Ball
1-0: Called Strike
1-1: Swinging Strike
1-2: Strikes out swinging
Top of the 9th over - 0 runs, 0 hits, 0 errors, 0 left on base; St. Louis 10 - Cincinnati 0
BOTTOM OF THE 9TH
Cincinnati Reds batting - Pitching for St. Louis Cardinals : RHP Brian Sanderson
Batting: LHB Shawn Morrison 0-0: Ball
1-0: Swinging Strike
1-1: Ball
2-1: SINGLE (Groundball, 4MD, EV 94.4 MPH)
Batting: LHB Andy Arbuckle 0-0: Swinging Strike
0-1: Ball
1-1: DOUBLE (Flyball, 78XD, EV 96.9 MPH)
Shawn Morrison to third
Batting: LHB Jon Ledesma 0-0: Called Strike
0-1: Ball
1-1: Ball
2-1: Hit by Pitch
Batting: LHB Sean Geisler 0-0: Called Strike
0-1: Foul Ball, location: 2F
0-2: GRAND SLAM HOME RUN (Flyball, 9D, EV 96.9 MPH), Distance : 370 ft
Pitching: RHP Josh Sandoval
Batting: RHB Willie Cardamone 0-0: Called Strike
0-1: Ball
1-1: Ball
2-1: Ball
3-1: Foul Ball, location: 2F
3-2: Ground out 6-3 (Groundball, 6, EV 101.2 MPH)
Batting: RHB Willie Lazcano 0-0: Ball
1-0: Swinging Strike
1-1: Ball
2-1: SINGLE (Groundball, P, EV 86.9 MPH) (infield hit)
Batting: LHB Jesus Lozano 0-0: Called Strike
0-1: Fly out, F9 (Flyball, 9, EV 85.6 MPH)
Batting: RHB Fred Slade 0-0: Ball
1-0: Called Strike
1-1: Fly out, F9 (Flyball, 89S, EV 88.1 MPH)
Bottom of the 9th over - 4 runs, 4 hits, 0 errors, 1 left on base; St. Louis 10 - Cincinnati 4
Thursday, March 31st , 2022 - OOTP Baseball 22.12 Build 89